 Dungeon Crawl Stone Soup version 0.23.1 (webtiles) character file.

Game seed: 3176654899491164906

108 EtherCrawl the Skirmisher (level 5, -6/43 HPs)
             Began as a Formicid Abyssal Knight on Mar 10, 2019.
             Was a Believer of Lugonu.
             Mangled by a gnoll
             ... wielding a +0 halberd
              (15 damage)
             ... on level 3 of the Dungeon.
             The game lasted 00:04:37 (2307 turns).

EtherCrawl the Skirmisher (Formicid Abyssal Knight) Turns: 2307, Time: 00:04:37

Health: -6/43      AC:  4    Str: 17    XL:     5   Next: 12%
Magic:  6/6        EV: 11    Int: 12    God:    Lugonu [**....]
Gold:   74         SH:  0    Dex: 10    Spells: 4/4 levels left

rFire    . . .     SeeInvis +   a - +1 spear
rCold    + . .     Gourm    .   (no shield)
rNeg     . . .     Faith    .   b - +0 leather armour
rPois    .         Spirit   .   (helmet unavailable)
rElec    .         Reflect  .   (no cloak)
rCorr    .         Harm     .   f - +0 pair of gloves
MR       .....                  (no boots)
Stlth    +.........             j - amulet of magic regeneration
HPRegen  0.14/turn              e - ring of protection from cold
MPRegen  0.35/turn              (no ring)

@: no status effects
A: permanent stasis, dig shafts and tunnels, four strong arms, antennae 3
a: Dig, Shaft Self, Depart the Abyss, Bend Space, Renounce Religion


You were on level 3 of the Dungeon.
You worshipped Lugonu.
Lugonu was pleased with you.
You were hungry.

You visited 1 branch of the dungeon, and saw 3 of its levels.
You visited the Abyss 1 time.

You collected 74 gold pieces.

Inventory:

Hand Weapons
 a - a +1 spear (weapon)
 t - a +0 halberd
Missiles
 l - 5 needles of paralysis
 n - 38 stones (quivered)
Armour
 b - a +0 leather armour (worn)
 f - a +0 pair of gloves (worn)
Jewellery
 e - a ring of protection from cold (left hand)
 i - an uncursed ring of poison resistance {unknown}
 j - an amulet of magic regeneration (around neck)
 r - an uncursed ring of ice {unknown}
Wands
 s - a wand of flame (23)
Scrolls
 g - a scroll of teleportation {unknown}
 h - a scroll of fog {unknown}
 m - a scroll of random uselessness {unknown}
 q - a scroll of blinking {unknown}
Potions
 k - 2 potions of lignification
 o - a potion of curing
 p - a potion of mutation {unknown}
Comestibles
 c - 8 rations
 d - 5 chunks of flesh


   Skills:
 + Level 4.4 Fighting
 * Level 3.1 Polearms
 - Level 3.2 Armour
 - Level 1.1 Dodging
 - Level 0.4 Stealth
 + Level 2.2 Invocations


You had 4 spell levels left.
You didn't know any spells.
Your spell library was empty.

Dungeon Overview and Level Annotations

Branches:
Dungeon (3/15)

Altars:
Vehumet


Innate Abilities, Weirdness & Mutations

You cannot be hasted, slowed, berserked, paralysed or teleported.
You can dig through walls and to a lower floor.
Your four strong arms can wield two-handed weapons with a shield.
You have a pair of large antennae on your head. (SInv)


Message History

You are too injured to fight recklessly!
You are too injured to fight recklessly!
You are too injured to fight recklessly!
You are too injured to fight recklessly!
You are too injured to fight recklessly!
You are too injured to fight recklessly!
You are too injured to fight recklessly!
You are too injured to fight recklessly!
You are too injured to fight recklessly!
You are too injured to fight recklessly!
You are too injured to fight recklessly!
You are too injured to fight recklessly!
You are too injured to fight recklessly!
You are too injured to fight recklessly!
The gnoll hits you with a +0 halberd.
* * * LOW HITPOINT WARNING * * *
You hit the gnoll.
The gnoll is severely wounded.
The gnoll hits you with a +0 halberd!
You die...

.... ##.##.## #..# ##. #..#
#..##.## ####..######.. .#.##
##.# #..# ###.............
.#..###..###..####..........####.
.#.........................## ##
........#####.#####........#
.#.....## #.....>........#
.÷........ #...g†#####{.### {
######+### #...@## #....# {
#...<# #....# #....### #.<..# .
#..... #....# { #. #..... #.[?.#
##. #..... #...g# ) .# #.. #....#
#.. #....# #.....


You could see a gnoll.

Vanquished Creatures
  A hound zombie (D:2)
  An adder (D:3)
  3 gnolls
  An ooze (D:1)
  2 dart slugs
  3 leopard geckos
  A ball python (D:1)
  3 bats
  3 giant cockroaches
  11 goblins
  5 hobgoblins
  4 kobolds
  2 frilled lizards (D:2)
  2 rats (D:1)
42 creatures vanquished.

Notes
Turn   | Place    | Note
-------+----------+-------------------------------------------
     0 | Abyss:1  | EtherCrawl the Formicid Abyssal Knight began the quest for
                  | the Orb.
     0 | Abyss:1  | Reached XP level 1. HP: 18/18 MP: 2/2
    23 | D:1      | Escaped the Abyss
   138 | D:1      | Reached XP level 2. HP: 10/25 MP: 3/3
   690 | D:1      | Reached skill level 4 in Fighting
   690 | D:1      | Reached XP level 3. HP: 26/30 MP: 4/4
   961 | D:2      | Reached ** piety under Lugonu
  1245 | D:2      | Reached XP level 4. HP: 30/37 MP: 5/5
  1418 | D:2      | Found a radiant altar of Vehumet.
  1500 | D:3      | Reached skill level 1 in Dodging
  2115 | D:2      | Reached XP level 5. HP: 35/43 MP: 6/6
  2307 | D:3      | Mangled by a gnoll

Skill      XL: |  1  2  3  4 |
---------------+-------------+-----
Fighting       | 4 |  4.4
Armour         | 3 |  3.2
Dodging        | 1 |  1.1
Polearms       | 3 |  3.1
Stealth        | |  0.4
Invocations    | |  2.2

Action                   |  1- 3 |  4- 6 || total
-------------------------+-------+-------++-------
Melee: Spear             |   112 |    60 ||   172
Invok: Bend Space        |       |     2 ||     2
  Use: Scroll            |       |     4 ||     4
  Eat: Chunk             |     1 |     3 ||     4
Armor: Leather armour    |    22 |    16 ||    38
Dodge: Dodged            |    49 |    37 ||    86
